 Dungeon Crawl Stone Soup version 0.30.1-11-g7821555f0a (webtiles) character file.

Game seed: 18418751093884803600

55924 TheDoctor the Warrior (level 14, -5/140 HPs)
             Began as a Minotaur Gladiator on Dec 18, 2023.
             Was the Champion of Okawaru.
             Slain by an ettin
             ... wielding a +0 dire flail
              (9 damage)
             ... on level 1 of the Orcish Mines.
             The game lasted 01:01:14 (26460 turns).

TheDoctor the Warrior (Minotaur Gladiator)         Turns: 26460, Time: 01:01:15

Health: -5/140     AC: 27    Str: 30    XL:     14   Next: 40%
Magic:  17/17      EV:  9    Int:  7    God:    Okawaru [******]
Gold:   1297       SH:  0    Dex: 15    Spells: 11/13 levels left

rFire   . . .        U - +3 broad axe of Hospitality {protect, rPois Int+2 Dex+3}
rCold   . . .        (no shield)
rNeg    . . .        R - +3 plate armour
rPois   +            c - +0 hat
rElec   .            (no cloak)
rCorr   .            (no gloves)
SInv    .            O - +0 pair of boots
Will    +....        H - amulet of faith Stlth
                     X - +6 ring of strength
HPRegen 0.43/turn    q - +4 ring of slaying
MPRegen 0.15/turn

%: faith
@: under a protective aura
A: horns 2, retaliatory headbutt
a: Renounce Religion, Heroism, Finesse, Duel


You were on level 1 of the Orcish Mines.
You worshipped Okawaru.
Okawaru was exalted by your worship.
You visited 4 branches of the dungeon, and saw 20 of its levels.
You also visited: Ossuary and Ice Cave.

You collected 1297 gold pieces.

Inventory:

Hand Weapons
 x - a +2 executioner's axe of venom
 B - the +4 great mace of Gallantry {flame, Int+5}
   (Okawaru gifted it to you on level 1 of the Lair of Beasts)

   Int:       It affects your intelligence (+5).
 L - the +11 triple sword "Pudgh" {heavy, rF+ SInv}
   (Okawaru gifted it to you on level 1 of the Lair of Beasts)

   rF:        It protects you from fire.
   SInv:      It lets you see invisible.
 P - the +7 mace of the Nexus {heavy, rF+++ rCorr MP+9 Int-4}
   (You found it on level 9 of the Dungeon)

   Int:       It affects your intelligence (-4).
   rF:        It renders you almost immune to fire.
   MP:        It affects your magic capacity (+9).
   rCorr:     It protects you from acid and corrosion.
 U - the +3 broad axe of Hospitality (weapon) {protect, rPois Int+2 Dex+3}
   (You found it on level 4 of the Lair of Beasts)

   Int:       It affects your intelligence (+2).
   Dex:       It affects your dexterity (+3).
   rPois:     It protects you from poison.
 W - the +0 dire flail "Mobuul" {elec, rElec rF+ MP+9 Int+2}
   (Okawaru gifted it to you on level 5 of the Lair of Beasts)

   Int:       It affects your intelligence (+2).
   rF:        It protects you from fire.
   rElec:     It insulates you from electricity.
   MP:        It affects your magic capacity (+9).
Missiles
 e - 7 javelins
 h - 14 atropa-tipped darts
 j - 41 poisoned darts
 I - 20 boomerangs
 K - 2 throwing nets (quivered)
Armour
 c - a +0 hat (worn)
 O - a +0 pair of boots (worn)
 R - a +3 plate armour (worn)
Jewellery
 a - a +5 ring of evasion
 g - a ring of willpower
 q - a +4 ring of slaying (right hand)
 A - a ring of fire
 H - an amulet of faith (around neck)
 X - a +6 ring of strength (left hand)
Wands
 r - a wand of roots (13)
 w - a wand of digging (8)
 D - a wand of polymorph (3)
 Q - a wand of flame (11)
 T - a wand of mindburst (11)
Scrolls
 d - 2 scrolls of identify
 i - 5 scrolls of teleportation
 o - 3 scrolls of poison
 p - 2 scrolls of fear
 t - 2 scrolls of magic mapping
 M - a scroll of enchant armour {unknown}
 S - 3 scrolls of fog
Potions
 b - a potion of mutation {unknown}
 f - 3 potions of flight
 k - 8 potions of haste
 l - a potion of brilliance {unknown}
 m - 2 potions of ambrosia
 n - 2 potions of lignification {unknown}
 u - 3 potions of might
 z - a potion of cancellation {unknown}
 E - 11 potions of curing
 G - 3 potions of attraction {unknown}
Miscellaneous
 v - a phial of floods (inert)


   Skills:
 + Level 17.1 Fighting
 - Level 9.0 Long Blades
 + Level 16.7(17.6) Axes
 - Level 9.3(14.1) Maces & Flails
 - Level 2.0 Throwing
 - Level 12.1 Armour
 - Level 3.2 Dodging
 + Level 6.5 Invocations


You had 11 spell levels left.
You knew the following spells:

 Your Spells              Type           Power      Damage    Failure   Level
a - Blink                 Tloc           0%         N/A       99%         2

Your spell library contained the following spells:

 Spells                   Type           Power      Damage    Failure   Level
 Freeze                   Ice            0%         1d3       96%         1
 Magic Dart               Conj           0%         1d3       96%         1
 Sting                    Tmut/Pois      0%         1d3       96%         1
 Lesser Beckoning         Tloc           0%         N/A       99%         2
 Momentum Strike          Conj/Tloc      0%         3d8       99%         2
 Poisonous Vapours        Pois/Air       0%         N/A       99%         2
 Searing Ray              Conj           0%         2d4       99%         2
 Sublimation of Blood     Necr           0%         N/A       99%         2
 Wereblood                Tmut           0%         N/A       99%         2
 Frozen Ramparts          Ice            0%         1d1       100%        3
 Hailstorm                Conj/Ice       0%         3d3       100%        3
 Mephitic Cloud           Conj/Pois/Air  0%         N/A       100%        3
 Ozocubu's Armour         Ice            0%         N/A       100%        3
 Fulminant Prism          Conj/Hex       0%         3d5       100%        4
 Olgreb's Toxic Radiance  Pois           0%         N/A       100%        4
 Petrify                  Tmut/Erth      0%         N/A       100%        4
 Metabolic Englaciation   Hex/Ice        0%         N/A       100%        5
 Statue Form              Tmut/Erth      0%         N/A       100%        6
 Ozocubu's Refrigeration  Ice            0%         4d7       100%        7
 Call Imp                 Summ           Unusable   N/A       N/A         2
 Malign Gateway           Summ/Tloc      Unusable   N/A       N/A         7
 Summon Hydra             Summ           Unusable   N/A       N/A         7
 Summon Horrible Things   Summ           Unusable   N/A       N/A         8

Dungeon Overview and Level Annotations

Branches:
Dungeon (13/15)            Temple (1/1) D:5            Lair (5/5) D:8
  Swamp (0/4) Lair:2        Snake (0/4) Lair:3        Slime (0/5) Lair:5
    Orc (1/2) D:11        Ossuary (visited)           IceCv (visited)
 Vaults: D:13-14

Altars:
Ashenzari
Cheibriados
Dithmenos
Elyvilon
Fedhas
Gozag
Hepliaklqana
Kikubaaqudgha
Makhleb
Nemelex Xobeh
Okawaru
Qazlal
Ru
Sif Muna
Trog
Uskayaw
Vehumet
Wu Jian
Xom
Yredelemnul
Zin
The Shining One
Jiyva
Lugonu

Portals:
Abyss: Lair:5

Annotations:
Lair:4 3 runed translucent doors, Ruwaz's ghost, journeyman SpRe


Innate Abilities, Weirdness & Mutations

You have a pair of horns on your head.
You reflexively headbutt those who attack you in melee.


Message History

You now have 1247 gold pieces (gained 20).
You now have 1269 gold pieces (gained 22).
You now have 1297 gold pieces (gained 28).
An ogre comes into view. It is wielding a +0 giant spiked club.
The ogre shouts!
An ogre is nearby!
An ogre is nearby!
The ogre hits you with a +0 giant spiked club!!
An ettin comes into view.
It is wielding a +0 dire flail and a +0 dire flail of protection.
The ettin shouts in stereo!
You slice the ogre!!
Your weapon exudes an aura of protection.
The ogre is almost dead.
You slash the ogre!
You kill the ogre!
Okawaru accepts your kill.
The ettin hits you with a +0 dire flail!!
The ettin hits you with a +0 dire flail of protection.
Things that are here:
a +0 giant spiked club; an ogre corpse Unknown command.
You barely miss the ettin. You barely miss the ettin.
You headbutt the ettin, but do no damage.
The ettin hits you with a +0 dire flail!
The ettin barely misses you.
You hit the ettin. Your headbutt misses the ettin.
The ettin is lightly wounded.
The ettin hits you with a +0 dire flail!!
The ettin hits you with a +0 dire flail of protection!!
* * * LOW HITPOINT WARNING * * *
The ettin attacks as you move away! The ettin closely misses you.
The ettin hits you with a +0 dire flail of protection!
* * * LOW HITPOINT WARNING * * *
Okay, then.
The ettin attacks as you move away!
The ettin hits you with a +0 dire flail!
* * * LOW HITPOINT WARNING * * *
The ettin hits you with a +0 dire flail of protection!
You die...

...##.....##.....#
.................##..#
.............>.###...#
#......#.....#.#.#...
..#...####..####.....
###.### #...#.#..## #
#.# ##.#......# ###
##......# ##...@C##
###..).# ##.......#
##....### #.....#
##...#.# ##..... .....
.#..


You could see an ettin.

Vanquished Creatures
  A yaktaur captain (D:12)
  2 catoblepae
  4 hydras
  A two-headed ogre (D:10)
  2 boulder beetles
  4 death yaks
  3 thrashing horrors (Lair:5)
  Sonja (Lair:3)
  A skyshark (Lair:3)
  3 deep elf pyromancers (D:12)
  A lindwurm (Lair:5)
  A phantasmal warrior (D:12)
  A mana viper (shapeshifter) (Lair:5)
  2 ugly things (Lair:5)
  An orc sorcerer (Orc:1)
  3 cyclopes
  4 manticores
  7 black mambas
  2 smoke demons (Lair:5)
  A gargoyle (D:11)
  16 cane toads
  A kobold demonologist (D:11)
  A yaktaur (D:12)
  5 komodo dragons
  An unseen horror (D:12)
  A tengu conjurer (D:12)
  8 trolls
  An ancient zyme (Lair:5)
  2 polar bears
  A freezing wraith (D:13)
  A meliai (D:12)
  A hornet (D:9)
  21 blink frogs
  7 dream sheep (Lair:5)
  4 slime creatures
  A vampire (D:9)
  2 spriggans (Lair:5)
  31 yaks
  2 ynoxinuls (Lair:5)
  2 shadows
  2 large abominations (Lair:5)
  8 basilisks
  A hog (shapeshifter) (Lair:5)
  4 wyverns
  4 steam dragons
  13 vampire mosquitoes
  3 nagas (Lair:3)
  9 water moccasins
  A warg (Orc:1)
  3 acid dragons
  8 small abominations (Lair:5)
  10 orc warriors
  2 ice beasts (D:6)
  A sky beast (D:8)
  A black bear (D:6)
  8 wolves
  2 ogres
  A phantom (D:6)
  3 centaurs
  5 gnoll sergeants
  5 kobold brigands (D:11)
  13 bullfrogs
  5 scorpions
  11 wights
  17 killer bees
  3 howler monkeys (D:8)
  8 jellies
  2 hounds
  10 orc priests
  A gnoll bouda (D:5)
  A sleepcap (D:6)
  3 iguanas
  14 orc wizards
  2 troll simulacra (IceCv)
  5 hell rats (Lair:2)
  A spriggan simulacrum (IceCv)
  A polar bear simulacrum (IceCv)
  A wolf simulacrum (IceCv)
  3 mummies (Ossuary)
  Robin (D:2)
  27 gnolls
  13 adders
  A shadow imp (D:7)
  12 white imps (Lair:1)
  3 ufetubi
  An adder zombie (Ossuary)
  2 worms
  2 dart slugs (D:3)
  47 orcs
  7 endoplasms
  2 giant cockroaches
  14 goblins
  8 hobgoblins
  4 jackals (D:1)
  8 kobolds
  7 quokkas
  5 ball pythons
  5 bats
  4 frilled lizards (D:1)
  8 goblin zombies (Ossuary)
  3 hobgoblin zombies (Ossuary)
  3 kobold zombies (Ossuary)
  3 rats
  3 rat zombies (Ossuary)
542 creatures vanquished.

Notes
Turn   | Place    | Note
-------+----------+-------------------------------------------
     0 | D:1      | TheDoctor the Minotaur Gladiator began the quest for the
                  | Orb.
     0 | D:1      | Reached XP level 1. HP: 18/18 MP: 0/0
    70 | D:1      | Reached XP level 2. HP: 25/25 MP: 1/1
    78 | D:1      | Reached skill level 3 in Fighting
   659 | D:2      | Identified the +2 helmet of Loss {Dex+4}
   659 | D:2      | Noticed Robin
   673 | D:1      | Reached XP level 3. HP: 26/31 MP: 2/2
   908 | D:2      | Found a sparkling altar of Nemelex Xobeh.
   925 | D:2      | Killed Robin
   928 | D:2      | Reached skill level 4 in Fighting
  1006 | D:2      | Reached skill level 5 in Axes
  1006 | D:2      | Reached XP level 4. HP: 37/40 MP: 3/3
  1319 | D:2      | You fall into a shaft and drop 1 floor!
  1525 | D:3      | Reached skill level 1 in Armour
  1594 | D:3      | Reached XP level 5. HP: 44/46 MP: 4/4
  2240 | D:4      | Reached XP level 6. HP: 51/52 MP: 5/5
  2370 | D:4      | Noticed an ice beast
  2436 | D:4      | Found a hazy altar of Hepliaklqana.
  2688 | D:4      | Found a shimmering blue altar of Sif Muna.
  2688 | D:4      | Found a glowing golden altar of the Shining One.
  2819 | D:5      | Entered Level 5 of the Dungeon
  3116 | D:5      | Found a staircase to the Ecumenical Temple.
  3135 | Temple   | Entered the Ecumenical Temple
  3173 | Temple   | Became a worshipper of Warmaster Okawaru
  3692 | D:5      | Reached skill level 5 in Armour
  3692 | D:5      | Reached XP level 7. HP: 15/59 MP: 6/6
  4522 | D:6      | Reached * piety under Okawaru
  4697 | D:6      | Reached XP level 8. HP: 50/66 MP: 7/7
  5568 | D:6      | Reached skill level 10 in Axes
  6240 | D:7      | Reached XP level 9. HP: 61/71 MP: 8/8
  6242 | D:7      | Reached ** piety under Okawaru
  6845 | D:7      | Reached skill level 10 in Armour
  7379 | D:8      | Reached *** piety under Okawaru
  7801 | D:8      | Found a staircase to the Lair.
  7831 | D:8      | Found a sand-covered staircase.
  7836 | Ossuary  | Entered an ossuary
  8397 | D:8      | Reached skill level 5 in Fighting
  8704 | D:8      | Reached XP level 10. HP: 29/81 MP: 9/9
  8765 | D:8      | Identified the +5 long sword of the Endless Nightcaps
                  | {antimagic, Str+4}
  9047 | D:8      | Reached skill level 1 in Long Blades
  9067 | D:8      | Reached skill level 6 in Fighting
  9486 | D:9      | Identified the +7 mace of the Nexus {heavy, rF+++ rCorr
                  | MP+9 Int-4}
 10150 | D:9      | Found a shadowy altar of Dithmenos.
 10231 | D:9      | Found a shimmering altar of Xom.
 10504 | D:9      | Paralysed by a hornet for 1 turns
 10507 | D:9      | Paralysed by a hornet for 1 turns
 10789 | D:9      | Reached skill level 7 in Fighting
 11274 | D:10     | Entered Level 10 of the Dungeon
 11545 | D:10     | Reached **** piety under Okawaru
 11547 | D:10     | Reached skill level 5 in Long Blades
 12130 | D:10     | Noticed a two-headed ogre
 12148 | D:10     | Killed a two-headed ogre
 12148 | D:10     | Reached ***** piety under Okawaru
 12149 | D:10     | Reached skill level 8 in Fighting
 12202 | D:10     | Found a sparkling altar of Nemelex Xobeh.
 12350 | D:10     | Found a broken altar of Ashenzari.
 12428 | D:10     | Reached XP level 11. HP: 91/94 MP: 3/10
 12799 | D:11     | Found a broken altar of Ashenzari.
 13126 | D:11     | Found a staircase to the Orcish Mines.
 13403 | D:11     | Reached skill level 9 in Fighting
 13403 | D:11     | Reached skill level 1 in Maces & Flails
 13777 | D:11     | Noticed a boulder beetle
 13793 | D:11     | Killed a boulder beetle
 14213 | Lair:1   | Entered Level 1 of the Lair of Beasts
 14231 | Lair:1   | Identified the +4 great mace of Gallantry {flame, Int+5}
                  | (Okawaru gifted it to you on level 1 of the Lair of Beasts)
 14231 | Lair:1   | Received a gift from Okawaru
 14232 | Lair:1   | Reached skill level 10 in Fighting
 14310 | Lair:1   | Reached skill level 5 in Maces & Flails
 14370 | Lair:1   | Found a frozen archway.
 14573 | IceCv    | Entered an ice cave
 15508 | Lair:1   | Reached skill level 11 in Fighting
 15600 | Lair:1   | Identified the +11 triple sword "Pudgh" {heavy, rF+ SInv}
                  | (Okawaru gifted it to you on level 1 of the Lair of Beasts)
 15600 | Lair:1   | Received a gift from Okawaru
 16321 | Lair:2   | Reached ****** piety under Okawaru
 16322 | Lair:2   | Reached XP level 12. HP: 85/110 MP: 11/11
 16971 | Lair:2   | Reached skill level 12 in Fighting
 16997 | Lair:2   | Received a gift from Okawaru
 17233 | Lair:2   | Noticed a catoblepas
 17289 | Lair:2   | HP: 3/113 [catoblepas/blast of calcifying dust (7)]
 17292 | Lair:2   | Killed a catoblepas
 17653 | Lair:2   | Found a staircase to the Swamp.
 17698 | Lair:2   | Noticed a six-headed hydra
 17706 | Lair:2   | Killed a six-headed hydra
 17811 | Lair:2   | Reached skill level 13 in Fighting
 18533 | Lair:3   | Noticed Sonja
 18539 | Lair:3   | Killed Sonja
 18539 | Lair:3   | Received a gift from Okawaru
 18898 | Lair:3   | Found a staircase to the Snake Pit.
 19509 | Lair:4   | Learned a level 2 spell: Blink
 19622 | Lair:4   | Identified the +3 broad axe of Hospitality {protect, rPois
                  | Int+2 Dex+3}
 19661 | Lair:4   | Noticed Ruwaz's ghost (journeyman SpRe)
 19666 | Lair:4   | Found a runed translucent gate.
 19666 | Lair:4   | Found a runed translucent gate.
 19675 | Lair:4   | Found a runed translucent gate.
 19718 | Lair:4   | Reached skill level 14 in Fighting
 20101 | Lair:4   | Noticed a death yak
 20101 | Lair:4   | Noticed a death yak
 20101 | Lair:4   | Noticed a death yak
 20103 | Lair:4   | Noticed a death yak
 20127 | Lair:3   | Killed a death yak
 20290 | Lair:4   | Killed a death yak
 20290 | Lair:4   | Received a gift from Okawaru
 20296 | Lair:4   | Killed a death yak
 20302 | Lair:4   | Killed a death yak
 20303 | Lair:4   | Reached XP level 13. HP: 105/125 MP: 12/12
 20775 | Lair:5   | Entered Level 5 of the Lair of Beasts
 21246 | Lair:5   | Received a gift from Okawaru
 21260 | Lair:5   | Reached skill level 15 in Fighting
 21560 | Lair:5   | Reached skill level 15 in Axes
 21610 | Lair:5   | Found a corrupted altar of Lugonu.
 21610 | Lair:5   | Found a one-way gate to the infinite horrors of the Abyss.
 21868 | Lair:5   | Found a staircase to the Slime Pits.
 21912 | Lair:5   | Found a viscous altar of Jiyva.
 21927 | Lair:5   | Reached skill level 1 in Invocations
 22089 | Lair:5   | Identified the +0 dire flail "Mobuul" {elec, rElec rF+ MP+9
                  | Int+2} (Okawaru gifted it to you on level 5 of the Lair of
                  | Beasts)
 22089 | Lair:5   | Received a gift from Okawaru
 23027 | Lair:5   | Identified the +3 ring mail "Gushrekah" {Int+2} (Okawaru
                  | gifted it to you on level 5 of the Lair of Beasts)
 23027 | Lair:5   | Received a gift from Okawaru
 23080 | Lair:5   | Reached skill level 16 in Fighting
 23967 | Lair:2   | Identified a scroll of acquirement
 23972 | Lair:2   | Acquired a +5 ring of evasion
 24418 | D:12     | Reached XP level 14. HP: 84/138 MP: 14/16
 24563 | D:12     | Reached skill level 5 in Invocations
 25749 | D:13     | Received a gift from Okawaru
 25914 | D:13     | Reached skill level 17 in Fighting
 26051 | D:12     | HP: 4/140 [phantasmal warrior[a death knight] (25)]
 26359 | Orc:1    | Entered Level 1 of the Orcish Mines
 26460 | Orc:1    | HP: 4/140 [ettin/+0 dire flail (16)]
 26460 | Orc:1    | Slain by an ettin

Illustrated notes

Levels and vault maps discovered:
D:1:      dpeg_arrival_tiny_a, layout_loops_ring
D:2:      layout_loops_ring, basic_altar, uniq_robin
D:3:      layout_rooms, kennysheep_generic_room_10
D:4:      layout_cave_pools, gammafunk_temple_overflow_elements,
          mainiacjoe_overflow_boulevard
D:5:      layout_loops_corners, minmay_temple_entry_large_hall
D:6:      layout_cave_pods
D:7:      layout_basic, serial_glass, glass_columns_c, glass_columns_b,
          glass_columns_c, glass_columns_b
D:8:      layout_basic, lair_entry_dummy, enter_ossuary_5
D:9:      layout_irregular_city, grunt_dithmenos_smoke_and_mirrors,
          xom_teletrap_fun
D:10:     layout_gridville, mainiacjoe_overflow_catch_the_wave
D:11:     layout_roguey, kennysheep_orc_monster_closet_entryway,
          evilmike_ruin_ashenzari
D:12:     minmay_connected_boxes_in_corner, layout_loops_ring,
          nicolae_hexahallways
D:13:     layout_long_grid, hangedman_fish_farm
Temple:   hellmonk_temple_two_chambers
Lair:1:   layout_roguey, portal_ice_cave_entry_imps
Lair:2:   layout_roguey, swamp_mist, minmay_holes
Lair:3:   layout_roguey, nicolae_snake_entry_squirm, grunt_megastairs_1,
          uniq_sonja
Lair:4:   layout_regular_city, gammafunk_ghost_split, infiniplex_staircase_pool
Lair:5:   hellmonk_lair_end_abyssal_woods, layout_cave_pods,
          nicolae_slime_entry_field_trip
Orc:1:    layout_diamond_mine, elves_outpost_lemuel

Skill      XL: |  1  2  3  4  5  6  7  8  9 10 11 12 13 14 |
---------------+-------------------------------------------+-----
Axes           | 4 5 6 7 8 10 12 13 14 16 | 16.7
Fighting       | 3 4 5 8 11 14 16 17 | 17.1
Armour         | 1 3 5 6 9 11 12 | 12.1
Long Blades    | 6 9 |  9.0
Maces & Flails | 7 9 |  9.3
Invocations    | 4 6 |  6.5
Throwing       | |  2.0
Dodging        | |  3.2

Action                     |  1- 3 |  4- 6 |  7- 9 | 10-12 | 13-15 || total
---------------------------+-------+-------+-------+-------+-------++-------
  Melee: War axe           |    79 |   147 |   331 |    53 |       ||   610
         Headbutt          |     9 |    21 |    67 |   148 |   114 ||   359
         Punch             |       |     2 |     1 |    11 |     7 ||    21
         Long sword        |       |       |       |   196 |       ||   196
         Morningstar       |       |       |       |   256 |       ||   256
         Triple sword      |       |       |       |    23 |     1 ||    24
         Great mace        |       |       |       |    60 |    12 ||    72
         Broad axe         |       |       |       |    49 |   410 ||   459
  Throw: Dart              |       |     7 |     1 |       |       ||     8
         Throwing net      |       |       |     4 |     3 |       ||     7
         Boomerang         |       |       |       |     1 |       ||     1
         Javelin           |       |       |       |     1 |       ||     1
 Invoke: Heroism           |       |       |     2 |    14 |     7 ||    23
  Evoke: Wand              |       |     1 |     1 |    11 |     4 ||    17
         Phial of floods   |       |       |       |       |     1 ||     1
    Use: Scroll            |       |     4 |     2 |    13 |     6 ||    25
         Potion            |       |       |     1 |     3 |     4 ||     8
   Stab: Invisible         |       |     1 |       |     2 |       ||     3
         Petrified         |       |       |       |       |     2 ||     2
 Armour: Leather armour    |    21 |       |       |       |       ||    21
         Chain mail        |       |    85 |   162 |    76 |       ||   323
         Animal skin       |       |     5 |       |       |       ||     5
         Plate armour      |       |       |       |   291 |   297 ||   588
  Dodge: Dodged            |    51 |    86 |   142 |   303 |   198 ||   780
